 Dungeon Sprint DCSS version 0.19-a0-1827-g174f941 (webtiles) character file.

17021 poirepourri the Imperceptible (level 12, -1/56 HPs)
             Began as a Spriggan Enchanter on Oct 7, 2016.
             Was the Champion of Dithmenos.
             Killed from afar by a deep elf annihilator (31 damage)
             ... with a bolt of lightning
             ... in the Dungeon (Sprint I: "Red Sonja").
             The game lasted 00:11:06 (3954 turns).

poirepourri the Imperceptible (Spriggan Enchanter)  Turns: 3954, Time: 00:11:06

Health: -1/56      AC:  5    Str:  9    XL:     12   Next: 15%
Magic:  16/33      EV: 33    Int: 21    God:    Dithmenos [******]
Gold:   213        SH:  7    Dex: 21    Spells: 5 memorised, 32 levels left

rFire  + . .     SeeInvis +     f - +5 dagger "Spider's Funeral" {drain, *Contam rF+ Int+4}
rCold  + . .     Gourm    .     b - +1 robe
rNeg   . . .     Faith    .     s - +1 buckler {reflect}
rPois  .         Spirit   .     (helmet restricted)
rElec  .         Dismiss  .     e - +1 cloak {MR+}
rCorr  .         Reflect  +     (gloves unavailable)
MR     +++..     Harm     .     (boots unavailable)
Stlth  ++++++++++ NoTele   +    (no amulet)
                                d - ring of protection from cold
                                g - ring "Cohiecuf" {EV+4 Str+5}

@: wreathed by umbra, very quick
A: unfitting armour, see invisible, herbivore 3, speed 3, slow metabolism 2
a: Shadow Step, Shadow Form, Renounce Religion


You were in the Dungeon.
You worshipped Dithmenos.
Dithmenos was exalted by your worship.
You were not hungry.

You visited 1 branch You collected 1845 gold pieces.
You spent 1632 gold pieces at shops.

Inventory:

Hand Weapons
 f - the +5 dagger "Spider's Funeral" (weapon) {drain, *Contam rF+ Int+4}
   (You bought it in a shop in the Dungeon)

   A truly terrible weapon, it drains the life of those it strikes.
   It affects your intelligence (+4).
   It protects you from fire.
   It causes magical contamination when unequipped.
 l - a +0 blowgun
Missiles
 m - 6 curare-tipped needles
Armour
 b - a +1 robe (worn)
 e - a +1 cloak of magic resistance (worn)
 s - a +1 buckler of reflection (worn)
Jewellery
 d - a ring of protection from cold (right hand)
 g - the ring "Cohiecuf" (left hand) {EV+4 Str+5}
   (You bought it in a shop in the Dungeon)

   [ring of evasion]

   It affects your evasion (+4).
   It affects your strength (+5).
Wands
 r - a wand of teleportation (5/9)
Potions
 h - 2 potions of magic
 i - a potion of mutation
 j - a potion of flight {unknown}
 k - a potion of invisibility
 n - a potion of beneficial mutation {unknown}
 o - a potion of brilliance {unknown}
 p - a potion of heal wounds
 q - a potion of berserk rage
Books
 c - a book of Maledictions

   Spells                             Type                      Level
   a - Corona                         Hexes                        1
   b - Ensorcelled Hibernation        Hexes/Ice                    2
   c - Confuse                        Hexes                        3
   d - Tukima's Dance                 Hexes                        3
   e - Dazzling Spray                 Conjuration/Hexes            3


   Skills:
 - Level 3.0 Fighting
 + Level 8.7 Short Blades
 + Level 11.9 Dodging
 + Level 24.8 Stealth
 + Level 0.2 Shields
 + Level 16.7 Spellcasting
 + Level 4.1 Conjurations
 + Level 18.1 Hexes
 - Level 3.6 Ice Magic
 + Level 2.4 Invocations


You had 32 spell levels left.
You knew the following spells:

 Your Spells              Type           Power        Failure   Level  Hunger
a - Corona                Hex            #######      0%          1    None
b - Ensorcelled Hibernat  Hex/Ice        ######       1%          2    None
c - Confuse               Hex            #######.     0%          3    None
d - Tukima's Dance        Hex            #######.     0%          3    None
e - Dazzling Spray        Conj/Hex       ######       1%          3    None


Dungeon Overview and Level Annotations

Branches:
Dungeon (1/1)

Altars:
Cheibriados
Dithmenos
Elyvilon
Fedhas
Gozag
Hepliaklqana
Kikubaaqudgha
Makhleb
Nemelex Xobeh
Okawaru
Qazlal
Ru
Sif Muna
Trog
Uskayaw
Vehumet
Xom
Yredelemnul
Zin
The Shining One
Jiyva
Lugonu

Shops:
D ?(=!*[}*%([[(:*[}

Annotations:
D exclusion: oklob plant


Innate Abilities, Weirdness & Mutations

You are very small and have problems with some larger weapons.
You are too small for most types of armour.
You have supernaturally acute eyesight. (SInv)
You are a herbivore.
You cover ground extremely quickly.
You need consume almost no food.


Message History

The shadow shard hits the deep elf annihilator.
Casting: Dazzling Spray
Confirm with . or Enter, or press ? or * to list all spells.
Aiming: Dazzling Spray
Press: ? - help, Shift-Dir - straight line, f/p - deep elf annihilator
Aim: a deep elf annihilator, wielding a long sword (heavily wounded, blind, hasn't noticed you, umbra)
The spray of energy hits the deep elf annihilator.
The deep elf annihilator is severely wounded.
The deep elf annihilator is dazzled.
Casting: Dazzling Spray
Confirm with . or Enter, or press ? or * to list all spells.
Aiming: Dazzling Spray
Press: ? - help, Shift-Dir - straight line, f/p - deep elf annihilator
Aim: a deep elf annihilator, wielding a long sword (severely wounded, blind, hasn't noticed you, umbra)
The spray of energy hits the deep elf annihilator.
The deep elf annihilator is almost dead.
The deep elf annihilator casts a spell at you.
The bolt of lightning hits you!
Ouch! That really hurt!
You die...

##################
§.§§§§§.§.§§..#^^+
§####§§§.§##..'^^# §#
##§§§#######)#
§#+#$###+#)..##§§#
##^.$#y#.##...#§@##
§#..$###..###.#§§§###
.'..$$2##.#A#.#§§≈e=#
.#.....#..###.#.)≈.##
.###'+##.##...#..≈##
## #..#+###..≈# #
##...#P≈..## #
###.#M≈..# # #)###..#


You could see a deep elf annihilator (blind).

Vanquished Creatures
  A fire giant (D)
  A lorocyproca (D)
  A hydra (D)
  2 centaur warriors (D)
  Sonja (D)
  A deep troll (D)
  7 unseen horrors (D)
  A lindwurm (D)
  An oklob plant (D)
  2 sirens (D)
  A gargoyle (D)
  2 kobold demonologists (D)
  A hellwing (D)
  4 demonic crawlers (D)
  5 hornets (D)
  A slime creature (D)
  Sigmund (D)
  2 redbacks (D)
  13 hogs (D)
  A yak (D)
  3 floating eyes (D)
  An ogre (D)
  7 necrophages (D)
  8 jellies (D)
  Ijyb (D)
  A ballistomycete (D)
70 creatures vanquished.

Vanquished Creatures (others)
  A gargoyle (D)
  2 ballistomycete spores (D)
3 creatures vanquished.

Grand Total: 73 creatures vanquished

Notes
Turn   | Place    | Note
-------+----------+-------------------------------------------
     0 | D        | poirepourri the Spriggan Enchanter began the quest for the Orb.
     0 | D        | Reached XP level 1. HP: 9/9 MP: 5/5
    12 | D        | Noticed Ijyb
    20 | D        | Killed Ijyb
    20 | D        | Reached skill level 6 in Stealth
    20 | D        | Reached skill level 5 in Hexes
    20 | D        | Reached XP level 2. HP: 13/13 MP: 4/7
    60 | D        | Learned a level 2 spell: Ensorcelled Hibernation
    60 | D        | Noticed an ogre
    76 | D        | Killed an ogre
    76 | D        | Reached skill level 5 in Dodging
    76 | D        | Reached skill level 8 in Stealth
    76 | D        | Reached skill level 5 in Spellcasting
    76 | D        | Reached XP level 3. HP: 5/16 MP: 1/10
    76 | D        | Reached XP level 4. HP: 6/21 MP: 1/12
   288 | D        | Noticed Sigmund
   291 | D        | Killed Sigmund
   291 | D        | Reached skill level 11 in Stealth
   291 | D        | Reached skill level 1 in Ice Magic
   291 | D        | Reached XP level 5. HP: 24/24 MP: 12/15
   291 | D        | Reached XP level 6. HP: 28/28 MP: 13/17
   297 | D        | Learned a level 3 spell: Confuse
   301 | D        | Learned a level 3 spell: Tukima's Dance
   305 | D        | Learned a level 3 spell: Dazzling Spray
   329 | D        | Found a deep blue altar of Sif Muna.
   331 | D        | Found a radiant altar of Vehumet.
   335 | D        | Reached skill level 10 in Hexes
   339 | D        | Found Covydgh Wyump's Weapon Emporium.
   339 | D        | Found an ancient bone altar of Kikubaaqudgha.
   339 | D        | Found a hazy altar of Hepliaklqana.
   339 | D        | Found a stormy altar of Qazlal.
   339 | D        | Found a hide-covered altar of Uskayaw.
   339 | D        | Found a blossoming altar of Fedhas.
   339 | D        | Found a bloodstained altar of Trog.
   339 | D        | Found an iron altar of Okawaru.
   339 | D        | Found a basalt altar of Yredelemnul.
   339 | D        | Found a glowing golden altar of the Shining One.
   339 | D        | Found a snail-covered altar of Cheibriados.
   339 | D        | Found a sacrificial altar of Ru.
   339 | D        | Found a glowing silver altar of Zin.
   339 | D        | Found a shadowy altar of Dithmenos.
   339 | D        | Found a white marble altar of Elyvilon.
   339 | D        | Noticed a yak
   340 | D        | Found an opulent altar of Gozag.
   341 | D        | Killed a yak
   341 | D        | Reached skill level 12 in Stealth
   342 | D        | Found a sparkling altar of Nemelex Xobeh.
   350 | D        | Became a worshipper of Dithmenos the Shadowed
   410 | D        | Found a burning altar of Makhleb.
   410 | D        | Found a viscous altar of Jiyva.
   410 | D        | Found a shimmering altar of Xom.
   410 | D        | Found a corrupted altar of Lugonu.
   410 | D        | Noticed a slime creature
   426 | D        | Killed a slime creature
   426 | D        | Reached skill level 13 in Stealth
   426 | D        | Reached XP level 7. HP: 32/32 MP: 11/20
   510 | D        | Noticed Sonja
   514 | D        | Killed Sonja
   514 | D        | Reached skill level 15 in Stealth
   514 | D        | Reached XP level 8. HP: 36/36 MP: 20/22
   531 | D        | Noticed a deep troll
   540 | D        | Killed a deep troll
   540 | D        | Reached * piety under Dithmenos
   540 | D        | Reached skill level 5 in Short Blades
   540 | D        | Reached skill level 16 in Stealth
   540 | D        | Reached skill level 10 in Spellcasting
   550 | D        | Found Ybulueh's Armour Emporium.
   631 | D        | Noticed a centaur warrior
   632 | D        | Noticed a centaur warrior
   650 | D        | Killed a centaur warrior
   650 | D        | Reached skill level 1 in Fighting
   650 | D        | Reached skill level 17 in Stealth
   650 | D        | Reached XP level 9. HP: 18/41 MP: 11/25
   655 | D        | Killed a centaur warrior
   754 | D        | Reached ** piety under Dithmenos
   754 | D        | Reached skill level 18 in Stealth
   765 | D        | Noticed an oklob plant
   767 | D        | Killed an oklob plant
   950 | D        | Killed a gargoyle
  1044 | D        | Noticed an unseen horror
  1045 | D        | Noticed an unseen horror
  1051 | D        | Killed an unseen horror
  1051 | D        | Reached *** piety under Dithmenos
  1051 | D        | Reached skill level 19 in Stealth
  1051 | D        | Reached skill level 15 in Hexes
  1051 | D        | Reached XP level 10. HP: 47/47 MP: 27/27
  1053 | D        | Killed an unseen horror
  1053 | D        | Reached skill level 10 in Dodging
  1095 | D        | Found Muox's Magic Scroll Boutique.
  1103 | D        | Bought a scroll of identify for 22 gold pieces
  1121 | D        | Bought the +5 dagger "Spider's Funeral" {drain, *Contam rF+ Int+4} for 635 gold pieces
  1159 | D        | Reached **** piety under Dithmenos
  1159 | D        | Reached skill level 20 in Stealth
  1222 | D        | Noticed a lindwurm
  1224 | D        | Killed a lindwurm
  1224 | D        | Reached ***** piety under Dithmenos
  1224 | D        | Reached skill level 21 in Stealth
  1552 | D        | Reached XP level 11. HP: 38/52 MP: 22/30
  1557 | D        | Reached ****** piety under Dithmenos
  1582 | D        | Reached skill level 22 in Stealth
  1709 | D        | Noticed a 12-headed hydra
  1711 | D        | Killed a 12-headed hydra
  1781 | D        | Reached skill level 1 in Conjurations
  2133 | D        | Reached skill level 15 in Spellcasting
  2302 | D        | Reached skill level 23 in Stealth
  2360 | D        | Found Paschuar's Distillery.
  2360 | D        | Found Awkag's Jewellery Shop.
  2360 | D        | Found Sugur's Assorted Antiques.
  2362 | D        | Found Avamoq's Armour Emporium.
  2362 | D        | Found Enoefaume's Gadget Shop.
  2362 | D        | Found Hautikodgh's Assorted Antiques.
  2362 | D        | Found Pucvyfes's Food Boutique.
  2362 | D        | Found Maakhoc's Weapon Emporium.
  2362 | D        | Found Tadit's Armour Shop.
  2362 | D        | Found Qutrek's Armour Shoppe.
  2366 | D        | Found Hakuemid's Weapon Boutique.
  2367 | D        | Found Huggyuf's Assorted Antiques.
  2367 | D        | Found Qixeikana's Book Boutique.
  2368 | D        | Found Wotaypnu's Gadget Emporium.
  2389 | D        | Bought an uncursed ring of protection from cold for 275 gold pieces
  2394 | D        | Bought a glowing cloak for 112 gold pieces
  2399 | D        | Bought the ring "Cohiecuf" {EV+4 Str+5} for 588 gold pieces
  2840 | D        | Noticed a lorocyproca
  2913 | D        | Killed a lorocyproca
  3122 | D        | Noticed a daeva
  3126 | D        | Noticed an unseen horror
  3126 | D        | Noticed an unseen horror
  3126 | D        | Noticed an unseen horror
  3126 | D        | Noticed an unseen horror
  3128 | D        | Killed an unseen horror
  3129 | D        | Noticed an unseen horror
  3130 | D        | Killed an unseen horror
  3131 | D        | Killed an unseen horror
  3133 | D        | Killed an unseen horror
  3135 | D        | Killed an unseen horror
  3135 | D        | Reached skill level 24 in Stealth
  3557 | D        | Noticed a fire giant
  3574 | D        | Killed a fire giant
  3574 | D        | Reached skill level 1 in Invocations
  3574 | D        | Reached XP level 12. HP: 53/53 MP: 30/33
  3619 | D        | Noticed a deep elf annihilator
  3620 | D        | Noticed a mummy priest
  3670 | D        | Paralysed by a hornet for 3 turns
  3954 | D        | Killed from afar by a deep elf annihilator

Vault maps used:
D:        dungeon_sprint_1

Skill      XL: |  1  2  3  4  5  6  7  8  9 10 11 12 |
---------------+-------------------------------------+-----
Dodging        | 4 5 6 7 8 9 11 | 11.9
Stealth        | 6 8 11 13 15 17 19 21 24 | 24.8
Spellcasting   | 3 5 7 8 9 11 12 14 16 | 16.7
Hexes          | 5 7 9 11 12 13 15 16 17 18 | 18.1
Short Blades   | 2 4 5 6 7 8 |  8.7
Ice Magic      | 1 2 3 |  3.6
Fighting       | 1 2 3 |  3.0
Conjurations   | 3 4 |  4.1
Invocations    | 1 2 |  2.4
Shields        | |  0.2

Action                   |  1- 3 |  4- 6 |  7- 9 | 10-12 || total
-------------------------+-------+-------+-------+-------++-------
Melee: Dagger            |     6 |     4 |    15 |    93 ||   118
 Cast: Corona            |     1 |       |       |       ||     1
       Ensorcelled Hiber |     2 |     3 |    13 |    37 ||    55
       Confuse           |       |       |     2 |       ||     2
       Dazzling Spray    |       |       |     1 |    44 ||    45
Invok: Shadow Form       |       |       |       |     1 ||     1
       Shadow Step       |       |       |       |     1 ||     1
  Use: Potion            |     1 |       |     5 |     2 ||     8
       Scroll            |       |     1 |     1 |     5 ||     7
 Stab: Sleeping          |     1 |     4 |     8 |    41 ||    54
       Distracted        |       |       |     1 |       ||     1
       Invisible         |       |       |       |     2 ||     2
  Eat: Bread ration      |       |       |       |     1 ||     1
Armor: Robe              |     1 |       |     2 |     2 ||     5
Dodge: Dodged            |     4 |     1 |    28 |   113 ||   146
Block: Buckler           |       |       |       |     7 ||     7
